 Dungeon Crawl Stone Soup version 0.28-a0-313-gbc0475efdd (webtiles) character file.

Game seed: 15529105788864173778

98 siradein the Cudgeller (level 4, -3/72 HPs)
             Began as an Ogre Berserker on Aug 31, 2021.
             Was a Believer of Trog.
             Slain by a gnoll (4 damage)
             ... on level 3 of the Dungeon.
             The game lasted 00:05:14 (2005 turns).

siradein the Cudgeller (Ogre Berserker)             Turns: 2005, Time: 00:05:15

Health: -3/72      AC:  3    Str: 22    XL:     4   Next: 71%
Magic:  4/4        EV: 10    Int:  8    God:    Trog [**....]
Gold:   117        SH:  0    Dex:  8    Spells: 3/3 levels left

rFire   . . .      SeeInvis .   c - +0 flail
rCold   . . .      Faith    .   (no shield)
rNeg    . . .      Spirit   .   b - +0 animal skin
rPois   .          Reflect  .   (helmet restricted)
rElec   .          Harm     .   (no cloak)
rCorr   .          Rampage  .   (gloves unavailable)
Will    .....                   (boots unavailable)
Stlth   ..........              m - amulet of regeneration
HPRegen 1.22/turn               (no ring)
MPRegen 0.09/turn               (no ring)

@: berserking, very quick
A: large, unfitting armour, tough skin 1
a: Renounce Religion, Berserk, Trog's Hand


You were on level 3 of the Dungeon.
You worshipped Trog.
Trog was pleased with you.
You visited 1 branch of the dungeon, and saw 3 of its levels.

You collected 117 gold pieces.

Inventory:

Hand Weapons
 c - a +0 flail (weapon)
Armour
 b - a +0 animal skin (worn)
Jewellery
 m - an amulet of regeneration (around neck)
Scrolls
 e - a scroll of teleportation {unknown}
 f - a scroll of silence {unknown}
 g - a scroll of brand weapon {unknown}
 h - a scroll of enchant armour {unknown}
 j - 4 scrolls of magic mapping {unknown}
 k - a scroll of noise {unknown}
 l - 2 scrolls of identify {unknown}
Potions
 a - 2 potions of might {unknown}
 d - 3 potions of curing {unknown}
 i - 2 potions of mutation {unknown}


   Skills:
 - Level 4.0 Fighting
 + Level 4.8 Maces & Flails
 - Level 2.6 Dodging


You had 3 spell levels left.
You didn't know any spells.
Your spell library was empty.

Dungeon Overview and Level Annotations

Branches:
Dungeon (3/15)

Altars:


Innate Abilities, Weirdness & Mutations

You are too large for most types of armour.
You have tough skin. (AC +1)


Message History

The gnoll barely misses you. The gnoll hits you with a +0 flail.
You thump the gnoll!
You kill the gnoll!
Trog accepts your kill.
The gnoll hits you from afar with a +0 spear.
A red film seems to cover your vision as you go berserk!
You feel yourself moving faster!
You feel mighty! The gnoll closely misses you. The gnoll barely misses you.
You sock the gnoll!
The gnoll is severely wounded.
The gnoll hits you with a +0 club.
An endoplasm comes into view.
The gnoll hits you from afar with a +0 spear.
The gnoll shouts!
The endoplasm quivers.
You thump the gnoll!
You kill the gnoll!
Trog accepts your kill.
The gnoll hits you from afar with a +0 spear.
You thump the rat!
You kill the rat!
Trog accepts your kill. The gnoll completely misses you.
You bludgeon the dart slug!!
You kill the dart slug!
Trog accepts your kill.
The gnoll hits you from afar with a +0 spear.
The gnoll hits you from afar with a +0 halberd!
* * * LOW HITPOINT WARNING * * *
Items here: )) †††.
You barely miss the gnoll. The gnoll hits you with a +0 spear.
* * * LOW HITPOINT WARNING * * *
The gnoll hits you with a +0 halberd!
* * * LOW HITPOINT WARNING * * *
You thump the gnoll!
The gnoll is severely wounded.
The endoplasm hits you.
* * * LOW HITPOINT WARNING * * *
The gnoll hits you with a +0 spear.
You die...

#..............
######<...........(
...(.......⌠.⌠....#
##.......)........#
#..####....^._.⌠..#
.. #.).........#
#...#..⌠....#
#.....##.#...##
##.>...#@..#.#
#.)..#.ggJ.#.#
....#.##....#.#
..........##...###
..................#
.............##.###
....... #.#
........ #.#
....... #.#


You could see 2 gnolls and an endoplasm.

Vanquished Creatures
  Jessica (D:2)
  2 gnolls (D:3)
  A worm (D:2)
  A dart slug (D:3)
  3 ball pythons
  5 bats (D:2)
  8 endoplasms
  5 goblins
  3 hobgoblins
  3 quokkas
  3 frilled lizards
  4 kobolds
  4 rats
43 creatures vanquished.

Notes
Turn   | Place    | Note
-------+----------+-------------------------------------------
     0 | D:1      | siradein the Ogre Berserker began the quest for the Orb.
     0 | D:1      | Reached XP level 1. HP: 24/24 MP: 1/1
   166 | D:1      | Reached XP level 2. HP: 31/32 MP: 2/2
  1062 | D:2      | Reached XP level 3. HP: 39/39 MP: 3/3
  1255 | D:2      | Noticed Jessica
  1264 | D:2      | Killed Jessica
  1265 | D:2      | Reached XP level 4. HP: 27/48 MP: 4/4
  1529 | D:2      | Reached ** piety under Trog
  1952 | D:3      | Found a faded altar of an unknown god.
  2004 | D:3      | HP: 1/72 [gnoll (12)]
  2005 | D:3      | Slain by a gnoll

Illustrated notes

Levels and vault maps discovered:
D:1:      ncdulo_smallfort, layout_loops_cross, minmay_ruptured
D:2:      minmay_inner_zag, layout_basic, uniq_jessica
D:3:      layout_rooms, mainiacjoe_overflow_tiny_flanked,
          mainiacjoe_overflow_alcove_2, hellmonk_ecumenical_altar_run_dry,
          minmay_puff

Skill      XL: |  1  2  3 |
---------------+----------+-----
Maces & Flails | 3 4 |  4.8
Fighting       | |  4.0
Dodging        | |  2.6

Action                   |  1- 3 |  4- 6 || total
-------------------------+-------+-------++-------
Melee: Flail             |    79 |    35 ||   114
       Mace              |     4 |       ||     4
Invok: Berserk           |       |     1 ||     1
 Stab: Sleeping          |     1 |       ||     1
Armor: Animal skin       |    32 |     2 ||    34
Dodge: Dodged            |    49 |    19 ||    68

Table legend: (Time is in decaauts)
 A = Elapsed time spent in this place.
 B = Non-inter-level travel time spent in this place.
 C = Inter-level travel time spent in this place.
 D = Time resting spent in this place.
 E = Time spent auto-exploring this place.
 F = Levels seen in this place.
 G = Mean time per level.
                   A        B        C        D        E       F      G
               +--------+--------+--------+--------+--------+-----+--------+
         Total |   2026 |   1971 |     55 |      0 |   1647 |   3 |  675.3 |
       Dungeon |   2026 |   1971 |     55 |      0 |   1647 |   3 |  675.3 |
               +--------+--------+--------+--------+--------+-----+--------+

Top non-repeatable levels by time:
     D:1: 1053 daAuts
     D:2: 920 daAuts
     D:3: 53 daAuts
